AoeStats
← tanque99lobos

Arena

509807983Analyzed
1v1 RM · 4d ago on Sep 28, 2026· 25m 24s· 2 players
Game mode
Random Map
Map size
Tiny (2 player)
Population
200
Speed
Normal
Resources
Standard
Victory
Conquest
Starting age
Dark Age
Ending age
Imperial Age
RankedLock teamsTeams togetherTeam positionsShared explorationLock speedFull tech treeHidden civsTurbo modeCheats
Victory
Defeat
🇲🇽 Spanish · Mexico
549
+16
🇲🇽 Saxons · Mexico
552
-16
tanque99lobos
6:56 Loom
11:18 Feudal Age
18:36 Castle Age
16:47 Double-Bit Axe
papermaniacman
9:33 Feudal Age
10:14 Double-Bit Axe
11:10 Wheelbarrow
10:27 Loom
11:32 Gold Mining
18:49 Castle Age
16:43 Horse Collar
19:17 Scale Mail Armor
19:28 Forging
20:11 Bow Saw
19:24 Pikeman
20:05 Squires
19:51 Arson
20:33 Heavy Plow
22:29 Town Watch
23:27 Hand Cart
24:51 Elite Skirmisher
Connection lost

Rejoining the realm…

Still unreachable

The connection could not be restored.

Session expired

The server has moved on; the page needs a fresh start.